 Dungeon Crawl Stone Soup version 0.31-a0-360-gb3e1d13bf4 (webtiles) character file.

Game seed: 4361414476179753582

336 avis the Trooper (level 6, -1/63 HPs)
             Began as an Ogre Shapeshifter on July 26, 2023.
             Was an Initiate of Trog.
             Splashed by a jelly's acid (2 damage)
             ... on level 4 of the Dungeon on July 27, 2023.
             The game lasted 00:24:34 (3300 turns).

avis the Trooper (Ogre Shapeshifter)                Turns: 3300, Time: 00:24:34

Health: -1/63      AC: -5    Str: 22    XL:     6   Next: 54%
Magic:  0/7        EV: 15    Int:  9    God:    Trog [......]
Gold:   226        SH:  0    Dex:  9    Spells: 5/5 levels left

rFire   . .          .
                       - Unarmed
rCold   . . .        (no shield)
rNeg    . . .        a - +0 animal skin
rPois   .            (helmet currently unavailable)
rElec   .            s - melded +0 cloak
rCorr   .            (gloves unavailable)
SInv    .            (boots unavailable)
Will    .....        m - amulet of guardian spirit
Stlth   +            h - +5 ring of evasion
HPRegen 0.30/turn    (no ring)
MPRegen 0.10/turn

%: guardian spirit
@: beast-form, corroded
A: beast (slay +2), large, unfitting armour, tough skin 1
a: Begin Untransformation, Renounce Religion


You were on level 4 of the Dungeon.
You worshipped Trog.
Trog was noncommittal.
You were a hulking beast.
You visited 2 branches of the dungeon, and saw 5 of its levels.

You collected 226 gold pieces.

Inventory:

Hand Weapons
 r - a +0 dagger of freezing
Missiles
 i - 4 poisoned darts
 k - a silver javelin
 n - a throwing net
 o - 7 stones (quivered)
Armour
 a - a +0 animal skin (worn)
 s - a +0 cloak (melded)
Jewellery
 h - a +5 ring of evasion (left hand)
 m - an amulet of guardian spirit (around neck)
Talismans
 c - a beast talisman
Scrolls
 b - a scroll of enchant weapon {unknown}
 d - 2 scrolls of identify {unknown}
 l - a scroll of revelation {unknown}
 p - 2 scrolls of vulnerability {unknown}
 q - a scroll of amnesia {unknown}
 t - a scroll of brand weapon {unknown}
Potions
 e - 2 potions of curing {unknown}
 f - a potion of degeneration {unknown}
 g - a potion of cancellation {unknown}
 j - a potion of heal wounds {unknown}
 u - a potion of brilliance {unknown}
 v - a potion of magic {unknown}


   Skills:
 + Level 4.6 Fighting
 - Level 2.0 Dodging
 * Level 4.3 Unarmed Combat
 + Level 1.8 Invocations
 - Level 4.0 Shapeshifting


You had 5 spell levels left.
You didn't know any spells.
Your spell library contained the following spells:

 Spells                   Type           Power      Damage    Failure   Level
 Magic Dart               Conj           0%         1d3       38%         1
 Shock                    Conj/Air       0%         1d3       38%         1
 Call Imp                 Summ           0%         N/A       52%         2
 Mephitic Cloud           Conj/Pois/Air  0%         N/A       77%         3
 Swiftness                Air            0%         N/A       77%         3
 Airstrike                Air            0%         2d(0-16)  99%         4


Dungeon Overview and Level Annotations

Branches:
Dungeon (4/15)             Temple (1/1) D:4

Altars:
Ashenzari
Cheibriados
Elyvilon
Fedhas
Gozag
Hepliaklqana
Kikubaaqudgha
Makhleb
Nemelex Xobeh
Okawaru
Qazlal
Ru
Trog
Uskayaw
Vehumet
Wu Jian
Yredelemnul
Zin
The Shining One

Shops:
D:4 [


Innate Abilities, Weirdness & Mutations

You are a hulking beast.
Your limbs bulge with bestial killing power. (Slay +2)
You are too large for most types of armour.
You have tough skin. (AC +1)


Message History

You closely miss the hound.
The hound is moderately wounded.
The hound closely misses you. The hound bites you.
You hit the hound.
The hound is heavily wounded.
The hound barely misses you.
You punch the hound!
The hound is almost dead.
The hound bites you but does no damage.
You barely miss the hound.
The hound is almost dead.
The hound bites you. The hound barely misses you.
You punch the hound!
You kill the hound!
Trog accepts your kill.
You hit the jelly.
Your hands burn!
The jelly is lightly wounded.
The jelly barely misses you.
You barely miss the jelly.
The jelly is lightly wounded.
The jelly hits you but does no damage.
You hit the jelly.
Your hands burn!
The jelly is moderately wounded.
The jelly hits you. The acid corrodes you!
You are splashed with acid!
You hit the jelly.
Your hands burn!
The jelly is moderately wounded.
The jelly hits you.
You are splashed with acid!
* * * LOW HITPOINT WARNING * * *
You hit the jelly.
Your hands burn!
* * * LOW HITPOINT WARNING * * *
The jelly is severely wounded.
The jelly hits you.
* * * LOW HITPOINT WARNING * * *
You are splashed with acid!
* * * LOW HITPOINT WARNING * * *
Okay, then.
Okay, then.
Okay, then.
You hit the jelly. The acid corrodes you!
Your hands burn!
You die...

#######. #.......
##### #.######
#...###### #.#
#........####### #†#
#...####.......# #.#
######.## #######.#
#.# .......#
#########.## #.#
######## #......hJ.<#
#.#
.#########.#######..#
#.# ......... #..#
#.# .########
#h.######.#### .##
.o...........# ..#
.#.........##.###
..#######
..#.#########....
......... . ...#
##### .########


You could see a jelly.

Vanquished Creatures
  A howler monkey (D:4)
  2 hounds (D:4)
  An orc priest (D:4)
  2 orc wizards (D:4)
  4 adders
  3 gnolls (D:1)
  A shadow imp (D:4)
  A dart slug (D:3)
  6 orcs (D:4)
  6 bats
  4 endoplasms
  5 giant cockroaches
  5 goblins
  5 hobgoblins
  5 jackals
  4 quokkas (D:2)
  11 ball pythons
  6 frilled lizards
  8 kobolds
  4 rats (D:1)
84 creatures vanquished.

Notes
Turn   | Place    | Note
-------+----------+-------------------------------------------
     0 | D:1      | avis the Ogre Shapeshifter began the quest for the Orb.
     0 | D:1      | Reached XP level 1. HP: 19/19 MP: 1/1
   230 | D:1      | Reached XP level 2. HP: 28/28 MP: 2/2
   909 | D:1      | Reached XP level 3. HP: 6/36 MP: 0/3
  1181 | D:2      | Found a faded altar of an unknown god.
  1245 | D:2      | Reached XP level 4. HP: 43/45 MP: 4/4
  2669 | D:4      | Reached XP level 5. HP: 48/54 MP: 5/5
  2760 | D:4      | Found a staircase to the Ecumenical Temple.
  2769 | Temple   | Entered the Ecumenical Temple
  2779 | Temple   | Became a worshipper of Trog the Wrathful
  2904 | D:4      | Reached skill level 1 in Invocations
  3078 | D:4      | Reached XP level 6. HP: 61/62 MP: 4/6
  3126 | D:4      | Found Guelim's Armour Boutique.
  3299 | D:4      | HP: 1/63 [acid (8)]
  3300 | D:4      | Splashed by a jelly's acid

Illustrated notes

Levels and vault maps discovered:
D:1:      evilmike_arrival_fibonacci_small, layout_basic, serial_forest,
          infiniplex_forest_lined_4_way, infiniplex_forest_end_double,
          infiniplex_forest_end_2, infiniplex_forest_lined_2,
          infiniplex_forest_lined_3, minmay_misc_feat_diagonals
D:2:      layout_rooms, basic_ecumenical_altar, kennysheep_nondescript
D:3:      layout_basic, chequers_serial_rivers_micro_d
D:4:      layout_loops_ring, minmay_temple_entry_enclosed_plants, serial_shops,
          shop
Temple:   compressed_dpeg_triangle_lava_temple

Skill      XL: |  1  2  3  4  5  6 |
---------------+-------------------+-----
Unarmed Combat | 3 4 |  4.3
Fighting       | 2 3 4 |  4.6
Dodging        | 2 |  2.0
Invocations    | 1 |  1.8
Shapeshifting  | 4 |  4.0

Action                     |  1- 3 |  4- 6 || total
---------------------------+-------+-------++-------
  Melee: Unarmed           |    79 |   221 ||   300
         Punch             |     1 |     3 ||     4
  Throw: Stone             |       |     4 ||     4
         Javelin           |       |     1 ||     1
Ability: Begin Untransform |       |     1 ||     1
    Use: Potion            |     1 |     3 ||     4
   Stab: Sleeping          |     2 |     1 ||     3
         Distracted        |     1 |       ||     1
 Armour: Animal skin       |    12 |    24 ||    36
         Skin              |     3 |       ||     3
  Dodge: Dodged            |    48 |   123 ||   171
   Form: Beast             |       |     1 ||     1

Table legend: (Time is in decaauts)
 A = Elapsed time spent in this place.
 B = Non-inter-level travel time spent in this place.
 C = Inter-level travel time spent in this place.
 D = Time resting spent in this place.
 E = Time spent auto-exploring this place.
 F = Levels seen in this place.
 G = Mean time per level.
                   A        B        C        D        E       F      G
               +--------+--------+--------+--------+--------+-----+--------+
         Total |   3282 |   3006 |    276 |    379 |   1780 |   5 |  656.4 |
       Dungeon |   3261 |   3003 |    258 |    379 |   1780 |   4 |  815.2 |
        Temple |     20 |      2 |     18 |      0 |      0 |   1 |   20.0 |
               +--------+--------+--------+--------+--------+-----+--------+

Top non-repeatable levels by time:
     D:1: 1252 daAuts
     D:3: 813 daAuts
     D:4: 651 daAuts
     D:2: 544 daAuts
  Temple: 20 daAuts
